 Dungeon Crawl Stone Soup version 0.29.1 (webtiles) character file.

Game seed: 4480530538313851395

18 RascalDebosk the Chopper (level 2, 0/27 HPs)
             Began as a Minotaur Berserker on Sept 12, 2022.
             Was a Follower of Trog.
             Constricted to death by a ball python (1 damage)
             ... on level 1 of the Dungeon.
             The game lasted 00:01:25 (68 turns).

RascalDebosk the Chopper (Minotaur Berserker)         Turns: 68, Time: 00:01:28

Health: 0/27       AC:  2    Str: 21    XL:     2   Next: 48%
Magic:  1/1        EV:  9    Int:  4    God:    Trog [*.....]
Gold:   10         SH:  0    Dex:  9    Spells: 1/1 levels left

rFire   . . .      SeeInvis .   a - +0 hand axe
rCold   . . .      Faith    .   (no shield)
rNeg    . . .      Spirit   .   b - +0 animal skin
rPois   .          Reflect  .   (helmet restricted)
rElec   .          Harm     .   (no cloak)
rCorr   .          Rampage  .   (no gloves)
Will    .....                   (no boots)
Stlth   +.........              (no amulet)
HPRegen 0.09/turn               (no ring)
MPRegen 0.07/turn               (no ring)

@: on berserk cooldown, slowed, constricted, very slow
A: horns 2, retaliatory headbutt
a: Renounce Religion, Berserk


You were on level 1 of the Dungeon.
You worshipped Trog.
Trog was aware of your devotion.
You visited 1 branch of the dungeon, and saw 1 of its levels.

You collected 10 gold pieces.

Inventory:

Hand Weapons
 a - a +0 hand axe (weapon)
Armour
 b - a +0 animal skin (worn)


   Skills:
 + Level 3.8 Fighting
 + Level 3.8 Axes
 + Level 0.8 Throwing
 + Level 2.7 Armour
 - Level 2.1 Dodging
 + Level 0.6 Evocations


You had one spell level left.
You didn't know any spells.
Your spell library was empty.

Dungeon Overview and Level Annotations

Branches:
Dungeon (1/15)

Altars:


Innate Abilities, Weirdness & Mutations

You have a pair of horns on your head.
You reflexively headbutt those who attack you in melee.


Message History

The frilled lizard bites you.
You slash the frilled lizard!
You kill the frilled lizard!
Trog accepts your kill.
A kobold comes into view. It is wielding a +0 whip.
You barely miss the kobold.
The kobold shouts!
The kobold hits you with a +0 dagger.
You closely miss the kobold. You barely miss the kobold.
The kobold closely misses you.
You hit the kobold.
You kill the kobold!
Trog accepts your kill.
A goblin comes into view. It is wielding a +0 dagger.
The goblin shouts!
You hear a shout!
Items here: ) †††.
A ball python comes into view.
You feel a strong urge to attack something.
You miss the kobold. The kobold closely misses you.
You closely miss the kobold. The kobold misses you.
You barely miss the kobold. Your headbutt misses the kobold.
You miss the kobold.
You are no longer berserk.
You are exhausted.
You feel yourself slow down. The kobold hits you with a +0 whip.
* * * LOW HITPOINT WARNING * * *
A goblin comes into view.
It is wielding a +0 short sword and quivering poisoned darts.
You slash the kobold!
You kill the kobold!
Trog accepts your kill.
The goblin drinks a potion.
The goblin suddenly seems more resistant.
The goblin closely misses you.
You slash the goblin!
You kill the goblin!
Trog accepts your kill.
You barely miss the ball python. The ball python bites you.
* * * LOW HITPOINT WARNING * * *
The ball python grabs you. The ball python constricts you.
You die...

#..........#
#..........# #### #
#..........####∩∩###
#............##.....
#..........#........
#..........#......÷#
###'########.......#
..#####†)..#
####.....
#.....)@)#+# #...÷∩
#g....S.....# #....∩
.#..........+ ∩÷..#.
#..........# ......
#.......#### #.....
#.......+ #.....
#........# .....
#........# .... .##∩


You could see a goblin (resistant) and a ball python.

Vanquished Creatures
  A dart slug (D:1)
  A ball python (D:1)
  A goblin (D:1)
  2 hobgoblins (D:1)
  4 jackals (D:1)
  3 kobolds (D:1)
  A quokka (D:1)
  A frilled lizard (D:1)
14 creatures vanquished.

Notes
Turn   | Place    | Note
-------+----------+-------------------------------------------
     0 | D:1      | RascalDebosk the Minotaur Berserker began the quest for the
                  | Orb.
     0 | D:1      | Reached XP level 1. HP: 19/19 MP: 0/0
    52 | D:1      | Reached XP level 2. HP: 19/27 MP: 1/1
    68 | D:1      | HP: 1/27 [ball python (3)]
    68 | D:1      | Constricted to death by a ball python

Illustrated notes

Levels and vault maps discovered:
D:1:      amcnicky_arrival_abandoned_market, layout_basic, minmay_circled_x

Action                   || total
-------------------------++-------
Melee: Hand axe          ||    25
       Headbutt          ||     3
Invok: Berserk           ||     1
Armor: Animal skin       ||     2
Dodge: Dodged            ||    25
